 Dungeon Crawl Stone Soup version 0.31-a0-229-g1fc7ce93e2 (webtiles) character file.

Game seed: 8930294122728556629

138 qw the Shooter (level 5, -6/30 HPs)
             Began as a Gargoyle Hexslinger on July 6, 2023.
             Mangled by an iguana (9 damage)
             ... on level 4 of the Dungeon.
             The game lasted 00:01:07 (2330 turns).

qw the Shooter (Gargoyle Hexslinger)                Turns: 2330, Time: 00:01:08

Health: -6/30      AC: 12    Str: 12    XL:     5   Next: 21%
Magic:  6/6        EV: 11    Int: 15    God:
Gold:   199        SH:  0    Dex: 14    Spells: 5/6 levels left

rFire   . . .        Y - +1 sling
rCold   . . .        (no shield)
rNeg    + . .        j - +1 leather armour of Yredelemnul's Whim {Rampage rElec Int+2}
rPois   inf          (no helmet)
rElec   +            (no cloak)
rCorr   .            (no gloves)
SInv    .            (no boots)
Will    +....        (no amulet)
Stlth   +            a - +4 ring of protection
HPRegen 0.25/turn    f - ring of willpower
MPRegen 0.10/turn

%: rampage
@: no status effects
A: sickness immunity, AC +4, negative energy resistance 1, electricity
resistance, torment resistance 1, petrification resistance
a: no special abilities


You were on level 4 of the Dungeon.
You visited 1 branch of the dungeon, and saw 4 of its levels.

You collected 199 gold pieces.


Innate Abilities, Weirdness & Mutations

You are immune to sickness and miasma.
Your stone body is resilient. (AC +4)
You are immune to poison.
You resist negative energy. (rN+)
You are resistant to electric shocks. (rElec)
You are resistant to unholy torment.
You are immune to petrification.


   Skills:
 - Level 2.1 Fighting
 + Level 4.9 Ranged Weapons
 - Level 1.5 Dodging
 - Level 1.0 Spellcasting
 - Level 2.6 Hexes


You had 5 spell levels left.
You knew the following spells:

 Your Spells              Type           Power      Damage    Failure   Level
a - Slow                  Hex            32%        N/A       11%         1

Your spell library contained the following spells:

 Spells                   Type           Power      Damage    Failure   Level
 Inner Flame              Hex/Fire       4%         N/A       47%         3
 Portal Projectile        Hex/Tloc       8%         N/A       47%         3
 Cause Fear               Hex            4%         N/A       71%         4

Inventory:

Hand Weapons
 Y - a +1 sling (weapon)
Armour
 j - the +1 leather armour of Yredelemnul's Whim (worn) {Rampage rElec Int+2}
   (You found it on level 3 of the Dungeon)

   Int:       It affects your intelligence (+2).
   rElec:     It insulates you from electricity.
   Rampage:   It bestows one free step when moving towards enemies.
Jewellery
 a - a +4 ring of protection (left hand)
 f - a ring of willpower (right hand)
Potions
 b - a potion of lignification {unknown}
 e - a potion of haste
 h - a potion of ambrosia {unknown}

Dungeon Overview and Level Annotations

Branches:
Dungeon (4/15)
 Temple: D:4-7

Altars:


Message History

The orc is almost dead.
The iguana bites you but does no damage.
The orc closely misses you.
You shoot a sling bullet. The sling bullet hits the orc.
You kill the orc!
The iguana bites you but does no damage.
You shoot a sling bullet.
The sling bullet closely misses the iguana.
The iguana bites you.
You shoot a sling bullet. The sling bullet hits the iguana.
The iguana is moderately wounded.
The iguana closely misses you.
The hobgoblin hits you but does no damage.
You shoot a sling bullet. The sling bullet hits the iguana.
The iguana is heavily wounded.
The iguana bites you but does no damage.
The hobgoblin barely misses you. The iguana bites you.
The hobgoblin misses you.
You shoot a sling bullet.
The sling bullet barely misses the iguana.
The hobgoblin hits you. The iguana closely misses you.
You shoot a sling bullet. The sling bullet hits the iguana.
The iguana is heavily wounded.
The iguana bites you! The hobgoblin closely misses you.
You shoot a sling bullet.
The sling bullet hits the iguana but does no damage.
The iguana is heavily wounded.
The iguana misses you. The hobgoblin barely misses you.
You shoot a sling bullet. The sling bullet hits the iguana.
The iguana is heavily wounded.
The hobgoblin barely misses you. The iguana bites you!
You shoot a sling bullet.
The sling bullet hits the iguana but does no damage.
The iguana is heavily wounded.
The iguana bites you but does no damage.
The hobgoblin barely misses you. The iguana bites you.
The hobgoblin barely misses you.
You shoot a sling bullet.
The sling bullet barely misses the iguana.
The hobgoblin closely misses you. The iguana bites you!
You die...

##........#
#.........#
......[...#
..........
....... #...# #
#...###.#
#.)%....#
#@l<.####
........g.##
..........#
......!.....
.....#>......
.......).......
###............
..../##......


You could see an iguana and a hobgoblin.

Vanquished Creatures
  Jessica (D:2)
  2 adders (D:2)
  2 worms (D:2)
  A dart slug (D:1)
  6 orcs
  4 ball pythons
  A bat (D:3)
  9 endoplasms
  2 giant cockroaches
  7 goblins
  8 hobgoblins
  4 jackals (D:1)
  10 kobolds
  4 quokkas (D:1)
  5 frilled lizards
  5 rats
71 creatures vanquished.

Notes
Turn   | Place    | Note
-------+----------+-------------------------------------------
     0 | D:1      | qw the Gargoyle Hexslinger began the quest for the Orb.
     0 | D:1      | Reached XP level 1. HP: 12/12 MP: 2/2
     0 | D:1      | 0 ||| qw: Version: 0.3-a-46-gb1f654a
     0 | D:1      | 0 ||| qw: Game counter: 1660
     0 | D:1      | 0 ||| qw: Melee chars always use a shield: true
     0 | D:1      | 0 ||| qw: God list: Okawaru
     0 | D:1      | 0 ||| qw: Allow faded altars: false
     0 | D:1      | 0 ||| qw: Do Orc after clearing Dungeon:15 true
     0 | D:1      | 0 ||| qw: Do second Lair branch before Depths: true
     0 | D:1      | 0 ||| qw: Lair rune preference: random
     0 | D:1      | 0 ||| qw: Goals: Normal
     0 | D:1      | 0 ||| PLANNING D:1-11
   117 | D:1      | Reached XP level 2. HP: 16/16 MP: 3/3
   201 | D:1      | Reached skill level 3 in Ranged Weapons
   366 | D:1      | Reached XP level 3. HP: 21/21 MP: 4/4
   581 | D:1      | 581 ||| READING scroll labelled EDIOHAUFENUL.
   582 | D:1      | 582 ||| READING scroll labelled VEDAFEXZIU.
   583 | D:1      | 583 ||| READING scroll labelled WEGIDO FIYPNI.
   584 | D:1      | 584 ||| DRINKING 2 red potions.
   585 | D:1      | 585 ||| DROPPING scroll of poison.
   586 | D:1      | 586 ||| DROPPING potion of attraction.
   798 | D:2      | Reached XP level 4. HP: 21/26 MP: 5/5
  1040 | D:2      | Noticed Jessica
  1042 | D:2      | Killed Jessica
  1043 | D:2      | Reached skill level 4 in Ranged Weapons
  1057 | D:2      | HP: 6/26 [worm (1)]
  1348 | D:2      | 1348 ||| UPGRADING to +4 ring of protection.
  1349 | D:2      | 1349 ||| READING scroll labelled WACUBO FAMYASAN.
  1350 | D:2      | 1350 ||| READING scroll labelled HOOGAU BIWAV.
  1351 | D:2      | 1351 ||| READING scroll labelled QOFIAM GOAM.
  1354 | D:2      | 1354 ||| DRINKING 2 smoky purple potions.
  1355 | D:2      | 1355 ||| DRINKING 2 inky potions.
  1356 | D:2      | 1356 ||| DROPPING potion of brilliance.
  1622 | D:3      | Reached XP level 5. HP: 30/30 MP: 6/6
  1625 | D:3      | Identified the +3 buckler of Understanding {Dex+4}
  1875 | D:3      | Identified the +1 leather armour of Yredelemnul's Whim
                  | {Rampage rElec Int+2}
  2104 | D:3      | 2104 ||| UPGRADING to +0 ring mail.
  2114 | D:3      | 2114 ||| DROPPING +0 robe.
  2115 | D:3      | 2115 ||| UPGRADING to +1 leather armour of Yredelemnul's
                  | Whim {Rampage rElec Int+2}.
  2125 | D:3      | 2125 ||| DROPPING +0 ring mail.
  2126 | D:3      | 2126 ||| DROPPING scarf of harm.
  2127 | D:3      | 2127 ||| UPGRADING to ring of willpower.
  2128 | D:3      | 2128 ||| READING scroll labelled ZUW VUCWEMEJO.
  2229 | D:3      | 2229 ||| READING scroll labelled XALAAW HUI.
  2230 | D:3      | 2230 ||| READING scroll labelled REOMYS YZXEOS.
  2231 | D:3      | 2231 ||| READING scroll labelled LANUBU RASTO.
  2328 | D:4      | HP: 4/30 [iguana (10)]
  2330 | D:4      | Mangled by an iguana

Levels and vault maps discovered:
D:1:      dpeg_arrival_pond, layout_basic
D:2:      layout_basic, minmay_pentomino_o4, uniq_jessica
D:3:      minmay_inner_zag, layout_loops_cross, minmay_misc_feat_rows
D:4:      layout_rooms, grunt_dithmenos_smoke_and_mirrors, uniq_edmund

Skill      XL: |  1  2  3  4 |
---------------+-------------+-----
Ranged Weapons | 3 4 |  4.9
Fighting       | 2 |  2.1
Dodging        | |  1.5
Spellcasting   | |  1.0
Hexes          | |  2.6

Action                     |  1- 3 |  4- 6 || total
---------------------------+-------+-------++-------
   Fire: Sling             |   131 |   153 ||   284
    Use: Scroll            |     3 |     7 ||    10
         Potion            |     1 |     2 ||     3
 Armour: Robe              |    17 |    17 ||    34
         Leather armour    |       |    14 ||    14
  Dodge: Dodged            |    36 |    57 ||    93

Table legend:
 A = Non-vault XP
 B = Vault XP
 C = Vault XP percentage of total XP
 D = Non-vault monster count
 E = Vault monster count
 F = Vault count percentage of total count
                 A         B        C        D         E       F
            +---------+---------+-------+---------+---------+-------
      Total |     144 |      54 |  27.3 |      62 |       9 |  12.7
            +---------+---------+-------+---------+---------+-------
        D:1 |      50 |       0 |   0.0 |      28 |       0 |   0.0
        D:2 |      51 |      44 |  46.3 |      15 |       4 |  21.1
        D:3 |      30 |      10 |  25.0 |      13 |       5 |  27.8
        D:4 |      13 |       0 |   0.0 |       6 |       0 |   0.0
            +---------+---------+-------+---------+---------+-------
